 Dungeon Crawl Stone Soup version 0.16.2-12-gd0ad4c3 (webtiles) character file.

54 hexophile the Chopper (level 3, -4/29 HPs)
             Began as a Demonspawn Fighter on Mar 27, 2016.
             Blown up by Ijyb (14 damage)
             ... with a wand of disintegration
             ... on level 3 of the Dungeon.
             The game lasted 00:01:50 (2012 turns).

hexophile the Chopper (Demonspawn Fighter)          Turns: 2012, Time: 00:01:50

Health: -4/29      AC:  6    Str: 17    XL:     3   Next: 66%
Magic:  3/3        EV:  6    Int:  9    God:
Gold:   169        SH:  8    Dex: 12    Spells: 0 memorised, 2 levels left

rFire  . . .     SeeInvis .     a - +0 war axe
rCold  . . .     Clarity  .     b - +0 scale mail
rNeg   . . .     SustAb   .     c - +0 shield
rPois  .         Gourm    .     (helmet restricted)
rElec  .         Spirit   .     (no cloak)
rCorr  .         Warding  .     (no gloves)
rMut   .         Stasis   .     (no boots)
MR     .....                    (no amulet)
Stlth  ..........               (no ring)
                                (no ring)

@: not resistant to hostile enchantments, extremely unstealthy
A: horns 1
a: no special abilities


You were on level 3 of the Dungeon.
You were not hungry.

You visited 1 branch of the dungeon, and saw 3 of its levels.

You collected 169 gold pieces.


Innate Abilities, Weirdness & Mutations

You have a pair of small horns on your head.

Inventory:

Hand weapons
 a - a +0 war axe (weapon)
Missiles
 t - 10 poisoned needles
Armour
 b - a +0 scale mail (worn)
 c - a +0 shield (worn)
 k - a +0 pair of gloves
 o - a +2 pair of boots of running
Jewellery
 g - an uncursed amulet of the gourmand {unknown}
Scrolls
 h - 3 scrolls of immolation {unknown}
 i - 2 scrolls of amnesia {unknown}
 j - 2 scrolls of identify {unknown}
 l - a scroll of remove curse {unknown}
 m - a scroll of random uselessness {unknown}
 n - a scroll of teleportation {unknown}
 q - a scroll of blinking {unknown}
 r - 3 scrolls of enchant armour {unknown}
Potions
 e - 4 potions of might
 f - a potion of lignification
 p - 2 potions of resistance {unknown}
 s - 2 potions of flight {unknown}
 u - a potion of experience {unknown}


You had 2 spell levels left.
You didn't know any spells.


   Skills:
 - Level 3.0 Fighting
 + Level 3.6 Axes
 - Level 2.6 Armour
 - Level 2.6 Shields

Dungeon Overview and Level Annotations

Branches:
Dungeon (3/15)

Altars:
Gozag
Nemelex Xobeh
Sif Muna

Annotations:
D:3 Ijyb

Vault maps used:
D:1:      dpeg_arrival_boxorama, nemelex_altar_shiori
D:2:      lemuel_doored_altar, lemuel_blue_sif_altar
D:3:      wad_crossroads, nicolae_overflow_hidden_temple, serial_curves,
          eino_curves_04, eino_curves_04, uniq_iyjb, uniq_robin
You       could see Ijyb, a worm and an adder.


Message History

You barely miss the rat. The rat bites you.
You hit the rat.
You kill the rat!
You take 3 damage, and have 26/29 hp.
Done exploring.
No target in view!
Done exploring.
Done exploring.
No target in view!
(D) Dungeon
Where to? (Enter - D:2, ? - help)
There is a stone staircase leading down here.
You climb downwards.
Found a leather armour.
There is a stone staircase leading up here.
You regained 2 hp, and now have 28/29 hp.
No target in view!
HP restored.
You see here a leather armour.
Found 19 arrows.
Health restored: 29 You open the door.
There is an open door here.
s - 2 bubbling purple potions (gained 1)
You now have 169 gold pieces (gained 17).
A bat comes into view.
A bat is nearby!
The bat hits you but does no damage.
No target in view!
The bat hits you but does no damage. You block the bat's attack.
You block the bat's attack.
You closely miss the bat. You headbutt the bat.
You kill the bat!
No target in view!
No target in view!
You are near starving!
No target in view!
You open the door.
There is an open door here.
An adder comes into view.
A worm and Ijyb come into view.
Eat which item? (? for menu, Esc to quit)
You continue eating.
Ijyb zaps a wand.
You are blasted!
Ouch! That really hurt!
* * * LOW HITPOINT WARNING * * *
It is a wand of disintegration.
The adder bites you but does no damage.
You continue eating.
You block the adder's attack.
Ijyb zaps a wand.
You are blasted!
You die...

Action                   || total
-------------------------++-------
Melee: War axe           ||   115
  Use: Potion            ||     2
  Eat: Chunk             ||     2
       Bread ration      ||     1

Notes
Turn   | Place    | Note
--------------------------------------------------------------
     0 | D:1      | hexophile, the Demonspawn Fighter, began the quest for the Orb.
     0 | D:1      | Reached XP level 1. HP: 18/18 MP: 1/1
    37 | D:1      | Reached skill level 2 in Axes
    62 | D:1      | Found a sparkling altar of Nemelex Xobeh.
   410 | D:1      | Gained mutation: You have a pair of small horns on your head. [demonic ancestry]
   410 | D:1      | Reached XP level 2. HP: 22/24 MP: 2/2
   917 | D:2      | Reached skill level 3 in Axes
   972 | D:2      | Reached XP level 3. HP: 4/29 MP: 3/3
  1483 | D:2      | Found an opulent altar of Gozag.
  1528 | D:2      | Found a deep blue altar of Sif Muna.
  2008 | D:3      | Noticed Ijyb
  2012 | D:3      | Blown up by Ijyb

Table legend:
 A = Turns spent in this place as a percentage of turns spent in the entire game.
 B = Non-inter-level travel turns spent in this place as a percentage of non-inter-level travel turns spent in the entire game.
 C = Inter-level travel turns spent in this place as a percentage of turns spent in this place.
 D = Turns resting spent in this place as a percentage of non-inter-level travel turns spent in this place.
 E = Turns spent auto-exploring this place as a percentage of non-inter-level travel turns spent in this place.
 F = Non-inter-level travel turns spent in this place divided by the number of levels of this place that you've seen.
                   A       B       C       D       E      F
               +-------+-------+-------+-------+-------+----------------------
         Total | 100.0 | 100.0 |   0.4 |   2.5 |  16.9 | 175.3
       Dungeon | 100.0 | 100.0 |   0.4 |   2.5 |  16.9 | 175.3
               +-------+-------+-------+-------+-------+----------------------

Table legend:
 A = Kills in this place as a percentage of kills in entire the game.
 B = Kills by you in this place as a percentage of kills by you in the entire game.
 C = Kills by friends in this place as a percentage of kills by friends in the entire game.
 D = Other kills in this place as a percentage of other kills in the entire game.
 E = Experience gained in this place as a percentage of experience gained in the entire game.
 F = Experience gained in this place divided by the number of levels of this place that you have seen.
                   A       B       C       D       E      F
               +-------+-------+-------+-------+-------+----------------------
         Total | 100.0 | 100.0 |  -nan |  -nan | 100.0 |  26.0
       Dungeon | 100.0 | 100.0 |  -nan |  -nan | 100.0 |  26.0
               +-------+-------+-------+-------+-------+----------------------

Vanquished Creatures
  An adder (D:2)
  2 worms (D:2)
  A giant cockroach (D:1)
  7 goblins
  4 hobgoblins
  2 ball pythons (D:2)
  10 bats
  A giant gecko (D:2)
  2 giant newts (D:2)
  A kobold (D:2)
  5 rats
36 creatures vanquished.
